 Dungeon Crawl Stone Soup version 0.29-a0-251-g80730f7218 (webtiles) character file.

Game seed: 16184683269769081636

1378 Ordine the Carver (level 8, -11/75 HPs)
             Began as a Tengu Warper on Mar 5, 2022.
             Was a Follower of Okawaru.
             Mangled by an ogre
             ... wielding a +0 giant spiked club
              (12 damage)
             ... on level 6 of the Dungeon.
             The game lasted 00:15:13 (7786 turns).

Ordine the Carver (Tengu Warper)                    Turns: 7786, Time: 00:15:14

Health: -11/75     AC: 24    Str: 11    XL:     8   Next: 66%
Magic:  12/12      EV:  2    Int: 15    God:    Okawaru [*.....]
Gold:   143        SH:  0    Dex: 15    Spells: 11/11 levels left

rFire   + . .      SeeInvis +   z - +8 falchion of Hug Ycao {vorpal, rElec rPois rF+ SInv}
rCold   . . .      Faith    .   (no shield)
rNeg    . . .      Spirit   .   (body armour currently unavailable)
rPois   +          Reflect  .   (helmet currently unavailable)
rElec   +          Harm     .   (cloak currently unavailable)
rCorr   .          Rampage  .   (gloves currently unavailable)
Will    .....      NoTele   +   (boots unavailable)
Stlth   +.........              (no amulet)
HPRegen 0.22/turn               (no ring)
MPRegen 0.13/turn               (no ring)

@: lethally poisoned (-11 -> -14), tree-form, attractive
A: stationary, stasis, torment immunity, boosted hp, (beak), (talons 3), nimble
flight
a: Renounce Religion, Heroism


You were on level 6 of the Dungeon.
You worshipped Okawaru.
Okawaru was aware of your devotion.
You were a tree.
You visited 2 branches of the dungeon, and saw 8 of its levels.

You collected 319 gold pieces.
You spent 176 gold pieces at shops.

Inventory:

Hand Weapons
 z - the +8 falchion of Hug Ycao (weapon) {vorpal, rElec rPois rF+ SInv}
   (You bought it in a shop on level 5 of the Dungeon)

   It inflicts extra damage upon your enemies.
   rF:        It protects you from fire.
   rElec:     It insulates you from electricity.
   rPois:     It protects you from poison.
   SInv:      It lets you see invisible.
Missiles
 d - 5 boomerangs of dispersal
 i - a boomerang (quivered)
 l - 4 javelins
 p - 2 poisoned darts
Armour
 g - a +0 chain mail
 A - a +1 cloak (melded)
 B - a +0 pair of gloves (melded)
 C - the +8 chain mail "Tiyn" (melded) {*Corrode rC+ Dex+3}
   (You found it on level 6 of the Dungeon)

   Dex:       It affects your dexterity (+3).
   rC:        It protects you from cold.
   *Corrode:  It may corrode you when you take damage.
Jewellery
 n - a ring of fire
Wands
 a - a wand of paralysis (11)
 u - a wand of polymorph (5)
 x - a wand of flame (19)
 D - a wand of iceblast (10)
Scrolls
 c - 3 scrolls of blinking
 h - a scroll of enchant weapon
 k - 6 scrolls of teleportation
 m - 2 scrolls of enchant armour
 q - a scroll of magic mapping {unknown}
 v - 2 scrolls of fog {unknown}
 y - 3 scrolls of fear {unknown}
Potions
 f - a potion of berserk rage {unknown}
 j - 3 potions of haste
 o - a potion of might
 r - a potion of mutation {unknown}
 s - a potion of attraction
 w - a potion of resistance {unknown}


   Skills:
 + Level 5.4 Fighting
 * Level 8.3 Long Blades
 + Level 5.1 Throwing
 - Level 1.1 Armour
 - Level 2.1 Dodging
 - Level 2.0 Spellcasting
 - Level 2.4 Translocations


You had 11 spell levels left.
You didn't know any spells.
Your spell library contained the following spells:

 Spells                   Type           Power      Damage    Failure   Level
 Blink                    Tloc           16%        N/A       13%         2
 Beastly Appendage        Tmut           2%         N/A       22%         1
 Pain                     Necr           4%         1d4       22%         1
 Gell's Gravitas          Tloc           8%         N/A       26%         3
 Lesser Beckoning         Tloc           8%         N/A       26%         3
 Teleport Other           Tloc           8%         N/A       26%         3
 Wereblood                Tmut           1%         N/A       32%         2
 Spider Form              Tmut/Pois      1%         N/A       54%         3
 Vampiric Draining        Necr           1%         2d6       54%         3
 Manifold Assault         Tloc           8%         N/A       93%         5
 Animate Skeleton         Necr           Unusable   N/A       N/A         1

Dungeon Overview and Level Annotations

Branches:
Dungeon (7/15)             Temple (1/1) D:5

Altars:
Ashenzari
Cheibriados
Dithmenos
Elyvilon
Fedhas
Gozag
Hepliaklqana
Kikubaaqudgha
Makhleb
Nemelex Xobeh
Okawaru
Qazlal
Ru
Sif Muna
Trog
Uskayaw
Vehumet
Wu Jian
Xom
Yredelemnul
Zin
The Shining One

Shops:
D:5 (


Innate Abilities, Weirdness & Mutations

You are a tree.
Your roots penetrate the ground, keeping you stationary.
You cannot be teleported.
You are immune to unholy pain and torment.
Your maximum health is greatly increased.
Your equipment is partially melded.
((You have a beak for a mouth.))
((You have claws for feet.))
Your magical nature lets you fly swiftly and evasively.


Message History

You feel very sick. The ogre hits you but does no damage.
The water moccasin bites you but does no damage.
The scorpion stings you but does no damage.
Unknown command.
You hit the scorpion.
The scorpion is moderately wounded.
You feel very sick.
The water moccasin bites you but does no damage.
The scorpion stings you but does no damage.
The ogre barely misses you.
You slash the scorpion!
The scorpion is almost dead.
You feel sick.
The water moccasin bites you but does no damage.
The scorpion barely misses you.
The water moccasin bites you but does no damage.
You barely miss the scorpion.
The scorpion is almost dead.
You feel sick.
The ogre hits you with a +0 giant spiked club!
* * * LOW HITPOINT WARNING * * *
The scorpion stings you but does no damage.
The water moccasin bites you but does no damage.
You closely miss the scorpion.
The scorpion is almost dead.
You feel sick.
The scorpion stings you but does no damage.
The ogre hits you with a +0 giant spiked club!
* * * LOW HITPOINT WARNING * * *
The water moccasin bites you but does no damage.
It was a potion of attraction.
You feel attractive to monsters.
The sentinel's mark upon you fades away.
* * * LOW HITPOINT WARNING * * *
You feel sick.
The scorpion stings you but does no damage.
The water moccasin bites you but does no damage.
The ogre hits you with a +0 giant spiked club!
You die...

###.#...........#.## ##......
#.........#.###....###...####
#......#..#.######........#
#......#......###...#..##.##
###<.....###..#.........###..#
##........###...#..#######
#..# ##..#...............#
#..## #..##......####OS#..#
#.... #)#####....##...♣s.[###
###.# #.###...##....#..#....#
#.# #.##).##..<#####.##...#
#.. #.)..##..### ###.##...#
##. ###.....## #........#
####. .......##
#........#######.... .....###
#................... .....#
#........#######.... ######
########## #####


You could see a water moccasin, an ogre and a scorpion.

Vanquished Creatures
  2 water moccasins
  An ice beast (D:7)
  A sky beast (D:5)
  A centaur (D:6)
  A phantom (D:5)
  2 bullfrogs (D:7)
  2 scorpions
  A necrophage (D:6)
  A howler monkey (D:5)
  An orc priest (D:4)
  A hound (D:5)
  Crazy Yiuf (D:5)
  Jessica (D:2)
  An iguana (D:6)
  2 orc wizards
  10 gnolls
  9 adders
  An ufetubus (D:5)
  2 worms
  A dart slug (D:1)
  16 orcs
  8 ball pythons
  9 endoplasms
  4 giant cockroaches
  5 hobgoblins
  6 jackals
  2 quokkas
  8 bats
  4 frilled lizards
  8 goblins
  4 kobolds
  4 rats
120 creatures vanquished.

Notes
Turn   | Place    | Note
-------+----------+-------------------------------------------
     0 | D:1      | Ordine the Tengu Warper began the quest for the Orb.
     0 | D:1      | Reached XP level 1. HP: 12/12 MP: 4/4
   291 | D:1      | Reached XP level 2. HP: 15/17 MP: 6/6
  1092 | D:1      | Reached skill level 3 in Long Blades
  1128 | D:1      | Reached XP level 3. HP: 22/22 MP: 7/7
  1589 | D:2      | You fall into a shaft and drop 1 floor!
  1656 | D:3      | Reached XP level 4. HP: 16/27 MP: 8/8
  1992 | D:3      | Reached skill level 4 in Long Blades
  2265 | D:3      | Found a faded altar of an unknown god.
  2317 | D:2      | Noticed Jessica
  2326 | D:2      | Killed Jessica
  2327 | D:2      | Gained mutation: Your magical nature lets you fly swiftly
                  | and evasively. [Tengu growth]
  2327 | D:2      | Reached XP level 5. HP: 21/32 MP: 9/9
  2856 | D:2      | Found a broken altar of Ashenzari.
  3465 | D:2      | Reached XP level 6. HP: 30/37 MP: 10/10
  3468 | D:2      | Reached skill level 5 in Long Blades
  3967 | D:3      | Found a glowing silver altar of Zin.
  5021 | D:4      | Noticed a water moccasin
  5032 | D:4      | Killed a water moccasin
  5033 | D:4      | Reached XP level 7. HP: 6/43 MP: 11/11
  5477 | D:5      | Entered Level 5 of the Dungeon
  5477 | D:5      | Found Gercheis's Antique Weapon Shoppe.
  5484 | D:5      | Reached skill level 6 in Long Blades
  5658 | D:5      | Found a staircase to the Ecumenical Temple.
  5667 | Temple   | Entered the Ecumenical Temple
  5874 | Temple   | Became a worshipper of Warmaster Okawaru
  5924 | D:5      | Bought an encrusted falchion for 176 gold pieces
  5924 | D:5      | Identified the +8 falchion of Hug Ycao {vorpal, rElec rPois
                  | rF+ SInv} (You bought it in a shop on level 5 of the
                  | Dungeon)
  5936 | D:5      | Found a runed translucent door.
  5938 | D:5      | Noticed Crazy Yiuf
  6073 | D:5      | Killed Crazy Yiuf
  6678 | D:5      | Reached skill level 7 in Long Blades
  6743 | D:5      | Reached XP level 8. HP: 48/48 MP: 12/12
  7085 | D:6      | Reached skill level 5 in Fighting
  7321 | D:6      | Reached * piety under Okawaru
  7372 | D:6      | Identified the +8 chain mail "Tiyn" {*Corrode rC+ Dex+3}
  7708 | D:7      | Reached skill level 8 in Long Blades
  7716 | D:7      | Reached skill level 5 in Throwing
  7774 | D:7      | Noticed a wraith
  7785 | D:6      | HP: 2/75 [ogre/+0 giant spiked club (9)]
  7786 | D:6      | Mangled by an ogre

Illustrated notes

Levels and vault maps discovered:
D:1:      dpeg_arrival_arbitrary_c, layout_basic, minmay_small_reverse_x
D:2:      layout_basic, basic_altar, uniq_jessica
D:3:      layout_loops_ring, marbit_many_paths,
          hellmonk_ecumenical_altar_leap_of_faith
D:4:      layout_rooms
D:5:      layout_basic, minmay_temple_entry_antechambers, serial_shops, shop,
          uniq_crazy_yiuf_cottage
D:6:      layout_rooms
D:7:      layout_cave_pools, enter_bailey_5
Temple:   mainiacjoe_temple_archimedes_tessellation

Skill      XL: |  1  2  3  4  5  6  7  8 |
---------------+-------------------------+-----
Long Blades    | 3 4 5 7 8 |  8.3
Throwing       | 2 3 4 5 |  5.1
Fighting       | 3 4 5 |  5.4
Armour         | |  1.1
Dodging        | |  2.1
Spellcasting   | |  2.0
Translocations | |  2.4

Action                   |  1- 3 |  4- 6 |  7- 9 || total
-------------------------+-------+-------+-------++-------
Melee: Falchion          |    87 |    38 |    64 ||   189
       Kick              |    22 |    27 |    22 ||    71
       Peck              |    16 |    19 |     6 ||    41
       Long sword        |       |    87 |    14 ||   101
       Punch             |       |     3 |     1 ||     4
Throw: Boomerang         |       |     3 |       ||     3
  Use: Potion            |     2 |     2 |     2 ||     6
       Scroll            |       |       |     5 ||     5
Armor: Leather armour    |     7 |       |       ||     7
       Chain mail        |    44 |    56 |    48 ||   148
       Skin              |       |    10 |    15 ||    25
Dodge: Dodged            |    42 |    41 |    29 ||   112

Table legend: (Time is in decaauts)
 A = Elapsed time spent in this place.
 B = Non-inter-level travel time spent in this place.
 C = Inter-level travel time spent in this place.
 D = Time resting spent in this place.
 E = Time spent auto-exploring this place.
 F = Levels seen in this place.
 G = Mean time per level.
                   A        B        C        D        E       F      G
               +--------+--------+--------+--------+--------+-----+--------+
         Total |   7470 |   7200 |    270 |    708 |   5632 |   8 |  933.8 |
       Dungeon |   7255 |   7012 |    243 |    708 |   5471 |   7 | 1036.4 |
        Temple |    215 |    188 |     27 |      0 |    161 |   1 |  215.0 |
               +--------+--------+--------+--------+--------+-----+--------+

Top non-repeatable levels by time:
     D:2: 1673 daAuts
     D:3: 1329 daAuts
     D:1: 1299 daAuts
     D:5: 1115 daAuts
     D:4: 1025 daAuts
     D:6: 739 daAuts
  Temple: 215 daAuts
     D:7: 72 daAuts
